 Dungeon Crawl Stone Soup version 0.27.1 (webtiles) character file.

Game seed: 14091979113327956444

510 Ishikawa the Slasher (level 6, -8/48 HPs)
             Began as a Demonspawn Abyssal Knight on Aug 24, 2021.
             Was a Believer of Lugonu.
             Mangled by Pikel (12 damage)
             ... on level 4 of the Dungeon.
             The game lasted 00:08:25 (4027 turns).

Ishikawa the Slasher (Demonspawn Abyssal Knight)    Turns: 4027, Time: 00:08:27

Health: -8/48      AC: 12    Str: 15    XL:     6   Next: 98%
Magic:  8/8        EV:  7    Int: 13    God:    Lugonu [**....]
Gold:   44         SH:  0    Dex: 18    Spells: 8/8 levels left

rFire    . . .     SeeInvis .   a - +1 falchion
rCold    . . .     Faith    .   (no shield)
rNeg     . . .     Spirit   .   h - +0 chain mail
rPois    +         Reflect  .   (helmet restricted)
rElec    .         Harm     .   (no cloak)
rCorr    .         Rampage  .   j - +0 pair of gloves
Will     .....                  (no boots)
Stlth    ..........             (no amulet)
HPRegen  0.16/turn              f - ring of poison resistance
MPRegen  0.11/turn              i - +6 ring of dexterity

@: no status effects
A: horns 2, molten scales 1
a: Renounce Religion, Depart the Abyss, Bend Space


You were on level 4 of the Dungeon.
You worshipped Lugonu.
Lugonu was pleased with you.
You visited 2 branches of the dungeon, and saw 5 of its levels.
You visited the Abyss 1 time.

You collected 128 gold pieces.
You spent 84 gold pieces at shops.

Inventory:

Hand Weapons
 a - a +1 falchion (weapon)
Armour
 b - a +0 leather armour
 h - a +0 chain mail (worn)
 j - a +0 pair of gloves (worn)
Jewellery
 f - a ring of poison resistance (left hand)
 i - a +6 ring of dexterity (right hand)
 k - a ring of fire
Wands
 r - a wand of acid (12)
Scrolls
 e - a scroll of enchant armour {unknown}
 g - 2 scrolls of identify {unknown}
 l - a scroll of fog {unknown}
 m - 2 scrolls of teleportation {unknown}
 n - a scroll of blinking {unknown}
 p - a scroll of noise {unknown}
 q - a scroll of immolation {unknown}
Potions
 c - 3 potions of curing
 d - 2 potions of heal wounds
 o - a potion of degeneration


   Skills:
 * Level 4.0 Fighting
 * Level 4.1 Long Blades
 * Level 3.4 Armour
 * Level 2.0 Dodging
 * Level 1.8 Stealth
 - Level 1.5 Spellcasting
 * Level 3.5 Invocations
 * Level 0.2 Evocations


You had 8 spell levels left.
You didn't know any spells.
Your spell library was empty.

Dungeon Overview and Level Annotations

Branches:
Dungeon (4/15)             Temple (1/1) D:4

Altars:
Ashenzari
Elyvilon
Fedhas
Nemelex Xobeh
Sif Muna
Trog
Uskayaw
Wu Jian
Yredelemnul
Zin
The Shining One
Jiyva

Shops:
D:3 [!*[

Annotations:
D:4 Pikel


Innate Abilities, Weirdness & Mutations

You have a pair of horns on your head.
You are partially covered in molten scales. (AC +2)


Message History

An orc comes into view. It is wielding a +0 short sword.
Pikel moves out of view.
A lemure comes into view.
The lemure shouts!
You hit the orc but do no damage. Your headbutt misses the orc.
An orc comes into view. It is wielding a +0 trident.
The orc hits you but does no damage.
Your chain mail prevents you from hitting the orc.
You headbutt the orc.
The orc is heavily wounded.
The orc barely misses you.
You hit the orc. You headbutt the orc.
You kill the orc!
Lugonu accepts your kill.
You hit the lemure.
The lemure is moderately wounded.
The lemure hits you but does no damage.
You hit the lemure.
The lemure is moderately wounded.
The lemure hits you but does no damage.
You closely miss the lemure.
The lemure is moderately wounded.
You hit Pikel but do no damage. Your headbutt misses Pikel. You hit Pikel.
Your headbutt misses Pikel.
Pikel is lightly wounded.
Pikel hits you with a +2 whip of electrocution!
Pikel hits you with a +2 whip of electrocution.
You are electrocuted!
You hit Pikel. You headbutt Pikel.
Pikel is moderately wounded.
Pikel hits you with a +2 whip of electrocution.
You are electrocuted!!
* * * LOW HITPOINT WARNING * * *
Your chain mail prevents you from hitting Pikel.
You headbutt Pikel.
Pikel is moderately wounded.
Pikel hits you with a +2 whip of electrocution.
* * * LOW HITPOINT WARNING * * *
You are electrocuted!
You die...

#.#....#.)#
###.(#.#..#.#...
....#..##...#.. #
####.##..........
.#.
..........###.#..
.... ........###
#...# .#..o
####.##.# ##.#
....55#####.##.# .#
#ooK@.)...#.# #
########...>#######
##.#.>......
#......(....###
#.#......##.#
#.#.......#.#
........#.#.#
##.......#.#.#
.....#####.#.#


You could see Pikel, 2 lemures and 3 orcs.

Vanquished Creatures
  Sigmund (D:2)
  An ogre (D:4)
  A scorpion (D:4)
  An iguana (D:4)
  An orc wizard (D:3)
  3 adders
  4 gnolls (D:3)
  An ufetubus (D:4)
  A worm (D:3)
  3 dart slugs
  8 orcs
  5 endoplasms
  2 giant cockroaches
  6 goblins
  9 hobgoblins
  7 kobolds
  3 ball pythons
  2 bats
  2 frilled lizards (D:2)
  4 rats
65 creatures vanquished.

Notes
Turn   | Place    | Note
-------+----------+-------------------------------------------
     0 | Abyss:1  | Ishikawa the Demonspawn Abyssal Knight began the quest for
                  | the Orb.
     0 | Abyss:1  | Reached XP level 1. HP: 18/18 MP: 2/2
     8 | Abyss:1  | Found a corrupted altar of Lugonu.
    11 | D:1      | Escaped the Abyss
   146 | D:1      | Reached skill level 1 in Dodging
   212 | D:1      | Gained mutation: You are partially covered in molten
                  | scales. (AC +2) [demonic ancestry]
   212 | D:1      | Reached XP level 2. HP: 19/24 MP: 3/3
   945 | D:1      | Found a faded altar of an unknown god.
  1252 | D:2      | Gained mutation: You have a pair of small horns on your
                  | head. [demonic ancestry]
  1252 | D:2      | Reached XP level 3. HP: 29/29 MP: 4/4
  1420 | D:2      | Reached ** piety under Lugonu
  1518 | D:2      | Noticed Sigmund
  1533 | D:2      | HP: 1/29 [something (1)]
  1537 | D:2      | Killed Sigmund
  1538 | D:2      | Reached skill level 1 in Stealth
  1538 | D:2      | Reached skill level 1 in Spellcasting
  1538 | D:2      | Reached XP level 4. HP: 13/37 MP: 4/6
  1538 | D:2      | Reached XP level 5. HP: 14/42 MP: 4/7
  2239 | D:3      | Found Rucy's Distillery.
  2248 | D:3      | Bought a potion of heal wounds for 70 gold pieces
  2248 | D:3      | Bought a potion of degeneration for 14 gold pieces
  2279 | D:3      | Gained mutation: You have a pair of horns on your head.
                  | [demonic ancestry]
  2279 | D:3      | Reached XP level 6. HP: 41/48 MP: 8/8
  2561 | D:3      | Found Conyx's General Store.
  2685 | D:3      | Found a bloodstained altar of Trog.
  2761 | D:3      | Found Hesebegu's Antique Armour Shop.
  2897 | D:3      | Found Izuan's Armour Emporium.
  3506 | D:4      | Found a basalt altar of Yredelemnul.
  3863 | D:4      | Found a staircase to the Ecumenical Temple.
  3881 | Temple   | Entered the Ecumenical Temple
  4016 | D:4      | Noticed Pikel
  4027 | D:4      | Mangled by Pikel

Illustrated notes

Levels and vault maps discovered:
D:1:      matt_arrival_los_fun, layout_loops_ring,
          shapermc_ecumenical_altar_mp_vishouse
D:2:      layout_loops_ring, minmay_tromino_i2, uniq_sigmund
D:3:      layout_basic, lemuel_doored_altar, serial_shops, shop, shop_statue,
          nicolae_shop_waterfront, nicolae_lakefront_shop,
          chequers_decorated_corner
D:4:      layout_loops_ring, nicolae_overflow_crystal_walls,
          minmay_temple_entry_mini_moons, uniq_eustachio, uniq_pikel
Temple:   pf_slimified_temple

Skill      XL: |  1  2  3  4  5  6 |
---------------+-------------------+-----
Dodging        | 1 2 |  2.0
Long Blades    | 2 3 4 |  4.1
Armour         | 2 3 |  3.4
Stealth        | 1 |  1.8
Spellcasting   | 1 |  1.5
Invocations    | 3 |  3.5
Fighting       | 4 |  4.0
Evocations     | |  0.2

Action                   |  1- 3 |  4- 6 || total
-------------------------+-------+-------++-------
Melee: Falchion          |   102 |   129 ||   231
       Headbutt          |     6 |    43 ||    49
  Use: Potion            |     1 |       ||     1
Armor: Leather armour    |     9 |       ||     9
       Chain mail        |    45 |    87 ||   132
Dodge: Dodged            |    33 |    46 ||    79
       Rpst.: Falchion   |    13 |    17 ||    30
